 Dungeon Crawl Stone Soup version 0.29.1-12-g30fa7ad0bf (webtiles) character file.

Game seed: 1421431472231164169

25 hawla the Firebug (level 3, -2/26 HPs)
             Began as a Meteoran Fire Elementalist on Jan 8, 2023.
             Slain by a goblin
             ... wielding a +0 dagger
             ... led by Robin
              (4 damage)
             ... on level 2 of the Dungeon.
             The game lasted 00:02:35 (420 turns).

hawla the Firebug (Meteoran Fire Elementalist)       Turns: 420, Time: 00:02:35

Health: -2/26      AC:  4    Str:  9    XL:     3   Next: 35%
Magic:  4/8        EV: 13    Int: 18    God:
Gold:   67         SH:  0    Dex: 15    Spells: 5/8 levels left

rFire   . . .      SeeInvis .   (no weapon)
rCold   . . .      Faith    .   (no shield)
rNeg    . . .      Spirit   .   a - +0 robe
rPois   .          Reflect  .   (no helmet)
rElec   .          Harm     .   (no cloak)
rCorr   .          Rampage  .   (no gloves)
Will    .....                   h - +1 pair of boots
Stlth   +.........              (no amulet)
HPRegen 0.08/turn               (no ring)
MPRegen 0.11/turn               (no ring)

@: glowing
A: sense surroundings 1, otherworldly, glowing, explore regen
a: no special abilities


You were on level 2 of the Dungeon.
You visited 1 branch of the dungeon, and saw 2 of its levels.

You collected 67 gold pieces.

Inventory:

Armour
 a - a +0 robe (worn)
 h - a +1 pair of boots (worn)
Scrolls
 c - a scroll of amnesia {unknown}
 f - 4 scrolls of identify {unknown}
 i - a scroll of vulnerability {unknown}
 j - a scroll of poison {unknown}
Potions
 d - a potion of ambrosia {unknown}
 e - 2 potions of heal wounds {unknown}
 g - a potion of brilliance {unknown}


   Skills:
 + Level 2.7 Dodging
 + Level 1.5 Stealth
 + Level 3.1 Spellcasting
 + Level 1.2 Conjurations
 + Level 4.3 Fire Magic


You had 5 spell levels left.
You knew the following spells:

 Your Spells              Type           Power      Damage    Failure   Level
a - Foxfire               Conj/Fire      48%        2x1d6     4%          1
b - Scorch                Fire           36%        2d6       4%          2

Your spell library contained the following spells:

 Spells                   Type           Power      Damage    Failure   Level
 Conjure Flame            Conj/Fire      12%        6-21      16%         3
 Inner Flame              Hex/Fire       10%        N/A       21%         3
 Flame Wave               Conj/Fire      12%        2d6       45%         4


Dungeon Overview and Level Annotations

Branches:
Dungeon (2/15) Zot: 778

Altars:


Innate Abilities, Weirdness & Mutations

You passively map a small area around you.
You are easily found by Zot.
You glow in the dark.
You regain HP and MP as you explore.


Message History

You completely miss Robin.
Robin is heavily wounded.
Robin barely misses you.
Your magical contamination has completely faded away.
You hit Robin but do no damage.
Robin is heavily wounded.
Robin throws the goblin at you! The goblin hits you but does no damage.
Things that are here:
a +0 dagger; a goblin corpse The goblin attacks as you move away!
The goblin hits you but does no damage.
Robin roars a battlecry!
You see here a hobgoblin corpse.
The goblin attacks as you move away! The goblin hits you with a +0 dagger.
The goblin attacks as you move away! The goblin barely misses you.
A goblin comes into view. It is wielding a +0 dagger.
Robin throws the goblin at you!
The goblin moves out of view.
You closely miss the goblin. The goblin hits you but does no damage.
Casting: Foxfire (safe; 4% risk of failure)
Confirm with . or Enter, or press ? or * to list all spells.
You don't have enough magic to cast this spell.
Magic courses through your body. The goblin closely misses you.
Robin roars a battlecry!
The goblin goes into a battle-frenzy!
The goblin hits you but does no damage. The goblin hits you with a +0 dagger.
Casting: Foxfire (safe; 4% risk of failure)
Confirm with . or Enter, or press ? or * to list all spells.
Flames lash Robin.
Robin is almost dead.
Robin's fire resistance burns away.
The goblin hits you but does no damage.
A hobgoblin comes into view.
The goblin hits you with a +0 dagger. x2
* * * LOW HITPOINT WARNING * * *
Casting: Scorch (safe; 4% risk of failure)
Confirm with . or Enter, or press ? or * to list all spells.
Flames lash Robin.
Robin is burned terribly!
You kill Robin!
The goblin hits you with a +0 dagger.
* * * LOW HITPOINT WARNING * * *
The goblin hits you but does no damage. The goblin hits you with a +0 dagger.
You die...

##### #...#####
#>#.#...## #.#.#.... ,
#.#.#... * *
######.#.##.#
#g@g)g....#.# *
#g####......#
*,....g..).....#
#.##.####.....########
#, #.* ##...####.....
* , ..* ##.......####
, #. ######### ## ,


You could see a hobgoblin (strong) and 3 goblins.

Vanquished Creatures
  Robin (D:2)
  2 giant cockroaches
  6 goblins
  2 hobgoblins
  2 quokkas (D:2)
  2 ball pythons
  2 bats (D:2)
  4 kobolds
  3 rats (D:1)
24 creatures vanquished.

Vanquished Creatures (others)
  35 foxfires
35 creatures vanquished.

Grand Total: 59 creatures vanquished

Notes
Turn   | Place    | Note
-------+----------+-------------------------------------------
     0 | D:1      | hawla the Meteoran Fire Elementalist began the quest for
                  | the Orb.
     0 | D:1      | Reached XP level 1. HP: 14/14 MP: 5/5
   159 | D:1      | Reached XP level 2. HP: 20/20 MP: 4/6
   173 | D:1      | Learned a level 2 spell: Scorch
   254 | D:1      | Reached skill level 4 in Fire Magic
   339 | D:2      | Reached XP level 3. HP: 21/26 MP: 4/8
   401 | D:2      | Noticed Robin
   420 | D:2      | Killed Robin
   420 | D:2      | Slain by a goblin

Illustrated notes

Levels and vault maps discovered:
D:1:      amcnicky_arrival_underground_garden, layout_loops_ring,
          hellmonk_ecumenical_altar_arch_garden, chequers_serial_rivers_large_b,
          serial_bayou_pond_a
D:2:      layout_loops_ring, minmay_circle_x, uniq_robin

Skill      XL: |  1  2 |
---------------+-------+-----
Fire Magic     | 4 |  4.3
Spellcasting   | 3 |  3.1
Dodging        | |  2.7
Stealth        | |  1.5
Conjurations   | |  1.2

Action                   || total
-------------------------++-------
Melee: Unarmed           ||     9
 Cast: Foxfire           ||    24
       Scorch            ||     5
  Use: Potion            ||     1
Armor: Robe              ||    16
Dodge: Dodged            ||    12
